 Dungeon Crawl Stone Soup version 0.29.0-11-gd7f09526c8 (webtiles) character file.

Game seed: 13711303674329096702

7050 VictoriousLee the Carver (level 11, 0/126 HPs)
             Began as a Barachi Arcane Marksman on Sept 4, 2022.
             Was an Elder of Wu Jian.
             Slain by a skeletal warrior
             ... wielding a +0 long sword
              (6 damage)
             ... on level 9 of the Dungeon.
             The game lasted 00:48:01 (8349 turns).

VictoriousLee the Carver (Barachi Arcane Marksman)  Turns: 8349, Time: 00:48:02

Health: 0/126      AC: 32    Str: 16    XL:     11   Next: 9%
Magic:  12/12      EV:  2    Int: 13    God:    Wu Jian [****..]
Gold:   292        SH:  9    Dex: 13    Spells: 11/12 levels left

rFire   + . .      SeeInvis .   Q - +7 falchion (protect)
rCold   . . .      Faith    .   F - +0 kite shield {rPois}
rNeg    . . .      Spirit   .   (body armour currently unavailable)
rPois   +          Reflect  .   (helmet currently unavailable)
rElec   .          Harm     .   (cloak currently unavailable)
rCorr   .          Rampage  .   (gloves currently unavailable)
Will    .....      NoTele   +   (boots currently unavailable)
Stlth   +.........              (no amulet)
HPRegen 0.31/turn               p - +4 ring of evasion
MPRegen 0.13/turn               H - ring of protection from fire

@: tree-form, under a protective aura
A: stationary, stasis, torment immunity, boosted hp, (amphibious), (slowness 1),
(strong legs 1), +LOS
a: Renounce Religion, Wall Jump, Serpent's Lash


You were on level 9 of the Dungeon.
You worshipped Wu Jian.
Wu Jian was greatly pleased with you.
You were a tree.
You visited 1 branch of the dungeon, and saw 9 of its levels.

You collected 442 gold pieces.
You spent 150 gold pieces at shops.

Inventory:

Hand Weapons
 a - a +1 sling
 b - a +1 vorpal long sword
 c - a +0 flail of protection
 e - a +1 dagger of distortion
 h - a +0 falchion
 i - a +0 long sword
 o - a +2 dagger of speed
 x - a +4 vorpal scimitar
 y - a +2 dagger of draining
 A - a +0 long sword
 G - a +1 vampiric war axe
 K - the +6 whip of Barnacled Integrity {vamp, Int+2}
   (You found it on level 9 of the Dungeon)

   It occasionally heals its wielder for a portion of the damage dealt when it
   wounds a living foe.
   Int:       It affects your intelligence (+2).
 M - a +1 whip of electrocution
 N - a +1 dagger of freezing
 Q - a +7 falchion of protection (weapon)
 R - the +5 spear of the Fuzzy God {vorpal, rC+ rCorr Str-4 Dex+3}
   (You found it on level 5 of the Dungeon)

   It inflicts extra damage upon your enemies.
   Str:       It affects your strength (-4).
   Dex:       It affects your dexterity (+3).
   rC:        It protects you from cold.
   rCorr:     It protects you from acid and corrosion.
Missiles
 j - 39 poisoned darts (quivered)
 m - 2 throwing nets
 q - a curare-tipped dart
 D - 13 boomerangs
 I - 4 javelins
Armour
 d - a +0 chain mail
 n - a +0 scale mail (melded)
 C - a +0 cloak (melded)
 F - a +0 kite shield of poison resistance (worn)
 L - a +0 kite shield
Jewellery
 l - an amulet of regeneration
 p - a +4 ring of evasion (left branch)
 r - an amulet of guardian spirit
 u - an amulet of reflection
 E - a ring of flight
 H - a ring of protection from fire (right branch)
 T - a +6 ring of intelligence
Wands
 w - a wand of flame (19)
 B - a wand of polymorph (3)
 O - a wand of charming (9)
Scrolls
 f - 10 scrolls of teleportation {unknown}
 g - a scroll of enchant armour
 s - 6 scrolls of poison
 J - 3 scrolls of magic mapping {unknown}
Potions
 k - 3 potions of attraction
 t - a potion of lignification
 v - 2 potions of curing
 z - 3 potions of brilliance


   Skills:
 + Level 7.2 Fighting
 - Level 14.4 Long Blades
 - Level 5.2 Ranged Weapons
 - Level 5.4 Armour
 - Level 2.1 Dodging
 * Level 5.4 Shields
 - Level 1.1 Spellcasting
 - Level 3.2 Hexes
 + Level 4.6 Evocations


You had 11 spell levels left.
You knew the following spells:

 Your Spells              Type           Power      Damage    Failure   Level
a - Slow                  Hex            36%        N/A       21%         1

Your spell library contained the following spells:

 Spells                   Type           Power      Damage    Failure   Level
 Tukima's Dance           Hex            9%         N/A       52%         3
 Apportation              Tloc           0%         N/A       61%         1
 Magic Dart               Conj           0%         1d3       61%         1
 Necrotise                Necr           0%         1d4       61%         1
 Summon Small Mammal      Summ           0%         N/A       61%         1
 Call Imp                 Summ           0%         N/A       75%         2
 Inner Flame              Hex/Fire       4%         N/A       75%         3
 Portal Projectile        Hex/Tloc       8%         N/A       75%         3
 Cause Fear               Hex            4%         N/A       90%         4
 Mephitic Cloud           Conj/Pois/Air  0%         N/A       93%         3
 Stone Arrow              Conj/Erth      0%         3d7       93%         3
 Animate Armour           Summ/Erth      0%         N/A       100%        4
 Blade Hands              Tmut           0%         N/A       100%        5
 Lehudib's Crystal Spear  Conj/Erth      0%         10d2      100%        8


Dungeon Overview and Level Annotations

Branches:
Dungeon (9/15)             Temple (0/1) D:7            Lair (0/5) D:9
    Orc: D:9-12

Altars:
Ashenzari
Cheibriados
Gozag
Makhleb
Nemelex Xobeh
Qazlal
Trog
Uskayaw
Wu Jian

Shops:
D:9 *

Annotations:
D:5 3 runed translucent doors, BoneyBoi1234's ghost, amateur OpHu


Innate Abilities, Weirdness & Mutations

You are a tree.
Your roots penetrate the ground, keeping you stationary.
You cannot be teleported.
You are immune to unholy pain and torment.
Your maximum health is greatly increased.
Your equipment is partially melded.
((You are amphibious.))
((You cover ground slowly.))
((You can hop short distances.))
You have an extended range of vision and can be seen from far away.


Message History

The skeletal warrior hits you but does no damage.
You hit the skeletal warrior.
The skeletal warrior is severely damaged.
The skeletal warrior hits you but does no damage.
You closely miss the skeletal warrior.
The skeletal warrior is severely damaged.
You closely miss the skeletal warrior.
The skeletal warrior is severely damaged.
You block the skeletal warrior's attack.
You slash the skeletal warrior!
The skeletal warrior is almost destroyed.
The skeletal warrior hits you but does no damage.
You hit the skeletal warrior but do no damage.
The skeletal warrior is severely damaged.
You block the skeletal warrior's attack.
You closely miss the skeletal warrior.
The skeletal warrior is severely damaged.
You hit the skeletal warrior but do no damage.
The skeletal warrior is severely damaged.
The skeletal warrior hits you but does no damage.
You completely miss the skeletal warrior.
The skeletal warrior is severely damaged.
The skeletal warrior hits you with a +0 long sword!
* * * LOW HITPOINT WARNING * * *
You hit the skeletal warrior.
The skeletal warrior is almost destroyed.
The skeletal warrior hits you but does no damage.
You closely miss the skeletal warrior.
The skeletal warrior is almost destroyed.
Okay, then.
You hit the skeletal warrior.
The skeletal warrior is almost destroyed.
The skeletal warrior barely misses you.
You hit the skeletal warrior.
The skeletal warrior is almost destroyed.
You block the skeletal warrior's attack.
You hit the skeletal warrior.
The skeletal warrior is almost destroyed.
The skeletal warrior hits you with a +0 long sword.
You die...

#
...######.)..#.#
...............#
.######...C##.##
####....# ####.#
#.# #C# #z# #♣#
###(# #...# ##
#.### .#### #.#
....#
#.#######.#
....#
#.........#
....#
#.#########
....## #.#


You could see a skeletal warrior and a cyclops.

Vanquished Creatures
  An ugly thing (D:9)
  A cyclops (D:9)
  A tengu conjurer (D:9)
  A troll (D:9)
  Prince Ribbit (D:6)
  A slime creature (D:9)
  5 yaks (D:9)
  A wyvern (D:8)
  Grum (D:8)
  Eustachio (D:5)
  A steam dragon (D:7)
  Menkaure (D:4)
  2 wargs (D:9)
  Edmund (D:5)
  2 water moccasins
  2 orc warriors (D:9)
  A sky beast (D:7)
  2 black bears
  An ogre (D:6)
  A phantom (D:6)
  4 centaurs
  2 wolves (D:8)
  The ghost of lmSkywalker the Grave Robber, an amateur DsNe of Yredelemnul (D:4)
  4 kobold brigands
  2 bullfrogs
  A gnoll sergeant (D:9)
  3 scorpions
  A necrophage (D:6)
  3 wights (D:8)
  7 killer bees
  A howler monkey (D:5)
  2 jellies
  8 orc priests
  7 hounds
  Crazy Yiuf (D:3)
  2 iguanas
  8 orc wizards
  A scorpion zombie (D:3)
  A hound zombie (D:3)
  6 gnolls
  9 adders
  2 white imps
  An ufetubus (D:7)
  2 adder skeletons (D:3)
  An adder zombie (D:3)
  2 worms (D:2)
  5 dart slugs
  44 orcs
  4 ball pythons
  7 endoplasms
  3 giant cockroaches
  10 goblins
  4 hobgoblins
  4 quokkas
  A ball python skeleton (D:3)
  3 bats
  A frilled lizard (D:3)
  23 kobolds
  A quokka skeleton (D:3)
  6 rats
226 creatures vanquished.

Vanquished Creatures (others)
  A sky beast (D:6)
  An orc wizard (D:9)
  A plant (D:9)
  3 withered plants (D:3)
6 creatures vanquished.

Grand Total: 232 creatures vanquished

Notes
Turn   | Place    | Note
-------+----------+-------------------------------------------
     0 | D:1      | VictoriousLee the Barachi Arcane Marksman began the quest
                  | for the Orb.
     0 | D:1      | Reached XP level 1. HP: 15/15 MP: 2/2
    75 | D:1      | Reached XP level 2. HP: 21/21 MP: 3/3
   144 | D:1      | Found a faded altar of an unknown god.
   145 | D:1      | Noticed a floating eye
   148 | D:1      | Noticed an eye of devastation
   149 | D:1      | Noticed a great orb of eyes
   149 | D:1      | Noticed a floating eye
   166 | D:1      | Prayed at the altar of an unknown god.
   166 | D:1      | Became a worshipper of the Wu Jian Council
   166 | D:1      | Reached * piety under Wu Jian
   593 | D:2      | Found a burning altar of Makhleb.
   611 | D:2      | Reached XP level 3. HP: 26/26 MP: 4/4
  1174 | D:2      | Reached XP level 4. HP: 32/32 MP: 5/5
  1870 | D:2      | Reached skill level 1 in Long Blades
  1870 | D:2      | Reached XP level 5. HP: 25/37 MP: 6/6
  1947 | D:2      | Reached skill level 2 in Long Blades
  1947 | D:2      | Reached skill level 5 in Ranged Weapons
  2023 | D:3      | Reached ** piety under Wu Jian
  2079 | D:3      | Reached skill level 3 in Long Blades
  2145 | D:3      | Reached XP level 6. HP: 36/43 MP: 7/7
  2442 | D:3      | Reached skill level 4 in Long Blades
  2666 | D:3      | Found a runed translucent door.
  2667 | D:3      | Noticed Crazy Yiuf
  2685 | D:3      | Killed Crazy Yiuf
  2686 | D:3      | Reached skill level 5 in Long Blades
  2823 | D:4      | Noticed Menkaure
  2836 | D:4      | Killed Menkaure
  2837 | D:4      | Reached skill level 6 in Long Blades
  2837 | D:4      | Reached XP level 7. HP: 29/48 MP: 8/8
  3055 | D:4      | Reached skill level 7 in Long Blades
  3064 | D:4      | Reached *** piety under Wu Jian
  3069 | D:4      | Found a stormy altar of Qazlal.
  3275 | D:4      | Found a snail-covered altar of Cheibriados.
  3379 | D:4      | Found a runed translucent door.
  3380 | D:4      | Noticed lmSkywalker's ghost (amateur DsNe)
  3392 | D:4      | Killed lmSkywalker's ghost
  3393 | D:4      | Reached skill level 8 in Long Blades
  3595 | D:5      | Entered Level 5 of the Dungeon
  3610 | D:5      | Reached XP level 8. HP: 54/54 MP: 9/9
  3667 | D:5      | Reached skill level 9 in Long Blades
  3759 | D:5      | Noticed Eustachio
  3794 | D:5      | Killed Eustachio
  3795 | D:5      | Reached skill level 10 in Long Blades
  4099 | D:5      | Found a runed translucent gate.
  4099 | D:5      | Found a runed translucent gate.
  4103 | D:5      | Found a runed translucent gate.
  4103 | D:5      | Noticed BoneyBoi1234's ghost (amateur OpHu)
  4388 | D:5      | Identified the +5 spear of the Fuzzy God {vorpal, rC+ rCorr
                  | Str-4 Dex+3}
  4555 | D:6      | Noticed Edmund
  4576 | D:5      | Killed Edmund
  4653 | D:6      | Reached skill level 11 in Long Blades
  4705 | D:6      | Reached XP level 9. HP: 50/59 MP: 10/10
  4725 | D:6      | Reached skill level 12 in Long Blades
  4880 | D:6      | Found a bloodstained altar of Trog.
  4915 | D:6      | Noticed Prince Ribbit
  4949 | D:6      | Killed Prince Ribbit
  5072 | D:6      | Reached skill level 13 in Long Blades
  5142 | D:6      | Found a broken altar of Ashenzari.
  5176 | D:6      | Found a hide-covered altar of Uskayaw.
  5342 | D:7      | Found a staircase to the Ecumenical Temple.
  5481 | D:7      | Reached skill level 14 in Long Blades
  5503 | D:7      | Reached **** piety under Wu Jian
  5932 | D:8      | Reached skill level 1 in Armour
  5986 | D:8      | Found an opulent altar of Gozag.
  6037 | D:8      | Found a sparkling altar of Nemelex Xobeh.
  6106 | D:8      | Noticed Grum
  6112 | D:8      | Killed Grum
  6113 | D:8      | Reached XP level 10. HP: 70/70 MP: 11/11
  6883 | D:9      | Found a staircase to the Lair.
  6899 | D:9      | Reached skill level 5 in Fighting
  6899 | D:9      | Reached skill level 1 in Evocations
  6919 | D:9      | Reached skill level 5 in Armour
  7027 | D:9      | Found Usumadghu's Assorted Antiques.
  7035 | D:9      | Bought a shiny kite shield for 150 gold pieces
  7075 | D:9      | Reached skill level 1 in Shields
  7724 | D:9      | Noticed a cyclops
  7752 | D:9      | Killed a cyclops
  7901 | D:9      | Noticed a red ugly thing
  7919 | D:9      | Killed a red ugly thing
  7920 | D:9      | Reached skill level 5 in Shields
  7920 | D:9      | Reached XP level 11. HP: 38/84 MP: 12/12
  8193 | D:9      | Identified the +6 whip of Barnacled Integrity {vamp, Int+2}
  8292 | D:9      | Noticed a cyclops
  8292 | D:9      | Noticed a skeletal warrior
  8344 | D:9      | HP: 5/126 [skeletal warrior/+0 long sword (14)]
  8349 | D:9      | Slain by a skeletal warrior

Illustrated notes

Levels and vault maps discovered:
D:1:      lightli_arrival_statue_moat, layout_basic,
          hellmonk_ecumenical_altar_watching_god,
          amcnicky_mini_rare_corridor_liquid
D:2:      layout_basic, basic_altar, minmay_indecisive_spiral
D:3:      layout_basic, serial_undead, serial_undead_c, serial_undead_e,
          serial_undead_c, serial_undead_c, reono_crystal_passage,
          uniq_crazy_yiuf_cottage
D:4:      layout_loops_ring, marbit_many_paths, mainiacjoe_overflow_alcove_1,
          gammafunk_ghost_grave, kennysheep_another_room, uniq_menkaure
D:5:      layout_basic, gammafunk_ghost_necromancy, uniq_eustachio
D:6:      layout_rooms, mainiacjoe_overflow_large_starburst,
          lemuel_crystal_altar, kennysheep_small_square, uniq_prince_ribbit1,
          uniq_edmund
D:7:      layout_cave_pools, minmay_temple_entry_stoned_glass
D:8:      layout_basic, nemelex_altar_shiori,
          mainiacjoe_overflow_small_starburst, kennysheep_pointless_box,
          uniq_grum
D:9:      minmay_cut_squares, layout_loops_ring, erik_lair_orcish_takeover,
          serial_shops, shop_statue, minivault_5, minmay_misc_feat_diagonals

Skill      XL: |  1  2  3  4  5  6  7  8  9 10 |
---------------+-------------------------------+-----
Ranged Weapons | 3 4 5 |  5.2
Long Blades    | 1 3 6 8 11 14 | 14.4
Armour         | 2 5 |  5.4
Fighting       | 3 7 |  7.2
Evocations     | 4 |  4.6
Shields        | 5 |  5.4
Dodging        | |  2.1
Spellcasting   | |  1.1
Hexes          | |  3.2

Action                   |  1- 3 |  4- 6 |  7- 9 | 10-12 || total
-------------------------+-------+-------+-------+-------++-------
Melee: Dagger            |     3 |       |       |       ||     3
       Long sword        |       |   116 |   453 |    46 ||   615
       Punch             |       |       |     5 |     1 ||     6
       Falchion          |       |       |       |   255 ||   255
 Fire: Sling             |   113 |   119 |       |       ||   232
Throw: Dart              |       |     3 |       |       ||     3
Invok: Whirlwind         |       |     6 |    44 |    35 ||    85
       Lunge             |       |     4 |    43 |    20 ||    67
       Serpent's Lash    |       |       |     3 |     3 ||     6
 Abil: Wall Jump         |       |       |     3 |     8 ||    11
Evoke: Wand              |       |       |       |     1 ||     1
  Use: Scroll            |       |     2 |     3 |    10 ||    15
       Potion            |       |     2 |     3 |     5 ||    10
 Stab: Invisible         |       |     1 |       |       ||     1
Armor: Leather armour    |     8 |       |       |       ||     8
       Robe              |     1 |       |       |       ||     1
       Scale mail        |    14 |    88 |   111 |    53 ||   266
       Skin              |       |       |       |    53 ||    53
Dodge: Dodged            |    41 |    90 |   227 |    98 ||   456
Block: Kite shield       |       |       |       |    90 ||    90
